 Dungeon Crawl Stone Soup version 0.22-a0-307-g2b15929 (webtiles) character file.

653 xccam the Cleaver (level 7, 0/52 HPs)
             Began as a Formicid Fighter on Apr 1, 2018.
             Slain by a centaur (8 damage)
             ... on level 5 of the Dungeon.
             The game lasted 00:06:15 (4668 turns).

xccam the Cleaver (Formicid Fighter)                Turns: 4668, Time: 00:06:16

Health: 0/52       AC:  8    Str: 22 (23) XL:     7   Next: 84%
Magic:  7/7        EV:  7    Int:  7      God:
Gold:   315        SH:  9    Dex:  7 (10) Spells: 6/6 levels left

rFire    . . .     SeeInvis +   a - +0 war axe
rCold    . . .     Gourm    .   c - +0 shield
rNeg     . . .     Faith    .   b - +0 scale mail
rPois    .         Spirit   .   (helmet unavailable)
rElec    .         Reflect  .   (no cloak)
rCorr    .         Harm     .   r - +0 pair of gloves
MR       .....                  (no boots)
Stlth    ..........             (no amulet)
HPRegen  0.17/turn              (no ring)
MPRegen  0.10/turn              (no ring)

@: drained
A: permanent stasis, dig shafts and tunnels, four strong arms, antennae 3
a: Dig, Shaft Self


You were on level 5 of the Dungeon.
You were not hungry.

You visited 1 branch of the dungeon, and saw 5 of its levels.

You collected 315 gold pieces.

Inventory:

Hand Weapons
 a - a +0 war axe (weapon)
 n - a cursed +0 battleaxe
Armour
 b - a +0 scale mail (worn)
 c - a +0 shield (worn)
 r - a +0 pair of gloves (worn)
Scrolls
 e - 2 scrolls of enchant weapon {unknown}
 g - 2 scrolls of fear {unknown}
 i - a scroll of fog {unknown}
 j - 3 scrolls of immolation {unknown}
 k - 4 scrolls of enchant armour {unknown}
 l - a scroll of remove curse {unknown}
 m - 2 scrolls of teleportation {unknown}
 p - a scroll of blinking {unknown}
 q - 5 scrolls of identify {unknown}
 t - 2 scrolls of magic mapping {unknown}
Potions
 d - a potion of curing
 h - a potion of mutation {unknown}
 o - a potion of berserk rage
 s - a potion of might
 v - a potion of heal wounds
Comestibles
 f - 5 rations
 u - 2 chunks of flesh


   Skills:
 - Level 3.2 Fighting
 + Level 8.2(8.1) Axes
 - Level 3.2 Armour
 - Level 3.6(3.5) Shields


You had 6 spell levels left.
You didn't know any spells.

Dungeon Overview and Level Annotations

Branches:
Dungeon (5/15)
 Temple: D:4-7

Altars:

Shops:
D:5 }}


Innate Abilities, Weirdness & Mutations

You cannot be hasted, slowed, berserked, paralysed or teleported.
You can dig through walls and to a lower floor.
Your four strong arms can wield two-handed weapons with a shield.
You have a pair of large antennae on your head. (SInv)


Message History

You are too injured to fight recklessly!
You are too injured to fight recklessly!
You are too injured to fight recklessly!
You are too injured to fight recklessly!
You are too injured to fight recklessly!
You are too injured to fight recklessly!
You are too injured to fight recklessly!
You are too injured to fight recklessly!
The centaur shoots an arrow.
You block the arrow.
The centaur shoots an arrow.
The arrow hits you!
* * * LOW HITPOINT WARNING * * *
Things that are here:
2 arrows; a ration The centaur shoots an arrow.
The arrow closely misses you.
The centaur shoots an arrow.
The arrow hits you.
* * * LOW HITPOINT WARNING * * *
You see here an arrow.
The centaur unwields an uncursed shortbow.
The centaur closely misses you. The centaur hits you!
You die...

...†...>###..#
.#####..# #..# .# .#
#..###..# .#
.#####....... .#
....(...###. .#
.######.#...## .# ##
#.#.##.## .#
#######.#.#...###.###
..........>(((.(@c..#
####.##...........#.#
#.###..##.###### #.#
#..#### #.# #..# #.#
#..# .#. #..# {# #
#..#


You could see a centaur.

Vanquished Creatures
  5 wights (D:4)
  2 orc priests
  2 hounds
  An orc wizard (D:4)
  An iguana (D:3)
  2 worker ants
  6 gnolls (D:4)
  6 adders
  2 oozes
  2 worms (D:2)
  4 dart slugs
  3 leopard geckos
  10 orcs
  6 bats
  7 giant cockroaches
  8 goblins
  6 hobgoblins
  10 jackals
  2 quokkas (D:4)
  A ball python (D:3)
  10 frilled lizards
  3 kobolds
  5 rats
104 creatures vanquished.

Notes
Turn   | Place    | Note
-------+----------+-------------------------------------------
     0 | D:1      | xccam the Formicid Fighter began the quest for the Orb.
     0 | D:1      | Reached XP level 1. HP: 18/18 MP: 1/1
   264 | D:1      | Reached XP level 2. HP: 24/24 MP: 2/2
  1088 | D:2      | Reached skill level 3 in Axes
  1134 | D:2      | Reached XP level 3. HP: 21/29 MP: 3/3
  1500 | D:2      | Reached skill level 4 in Axes
  1500 | D:2      | Reached XP level 4. HP: 35/35 MP: 4/4
  2335 | D:3      | Reached XP level 5. HP: 26/41 MP: 5/5
  2343 | D:3      | Reached skill level 5 in Axes
  2913 | D:3      | Reached XP level 6. HP: 26/47 MP: 6/6
  3038 | D:4      | Reached skill level 6 in Axes
  3510 | D:4      | Reached XP level 7. HP: 36/52 MP: 7/7
  3526 | D:4      | Reached skill level 7 in Axes
  4478 | D:5      | Entered Level 5 of the Dungeon
  4511 | D:5      | Reached skill level 8 in Axes
  4579 | D:5      | Found Voraggeups's Gadget Shop.
  4588 | D:5      | Found Dyschey's Gadget Shoppe.
  4668 | D:5      | Slain by a centaur

Vault maps used:
D:1:      scummos_arrival_simple_fountains
D:4:      first_ration
D:5:      serial_shops, shop, nicolae_shop_statue_plus, shop, shop

Skill      XL: |  1  2  3  4  5  6  7 |
---------------+----------------------+-----
Axes           | 3 4 5 6 8 |  8.2
Fighting       | |  3.2
Armour         | |  3.2
Shields        | |  3.6

Action                   |  1- 3 |  4- 6 |  7- 9 || total
-------------------------+-------+-------+-------++-------
Melee: War axe           |   103 |   180 |   108 ||   391
  Use: Potion            |     1 |     8 |       ||     9
  Eat: Chunk             |     2 |     5 |     2 ||     9
       Ration            |       |     1 |       ||     1
Armor: Scale mail        |    53 |    80 |    43 ||   176
       Skin              |       |    30 |       ||    30
Dodge: Dodged            |    34 |    72 |    36 ||   142
Block: Shield            |    57 |   117 |    53 ||   227

Table legend:
 A = Spawn XP
 B = Non-spawn XP
 C = Spawn XP percentage of total XP
 D = Spawn monster count
 E = Non-spawn monster count
 F = Spawn count percentage of total count
 G = Total turns spent on level
                    A         B        C        D         E        F      G
               +---------+---------+-------+---------+---------+-------+---------
         Total |       0 |     933 |   0.0 |       0 |     104 |   0.0 |  4668
               +---------+---------+-------+---------+---------+-------+---------
           D:1 |       0 |      15 |   0.0 |       0 |       9 |   0.0 |   915
           D:2 |       0 |      88 |   0.0 |       0 |      26 |   0.0 |  1187
           D:3 |       0 |     187 |   0.0 |       0 |      28 |   0.0 |  1101
           D:4 |       0 |     534 |   0.0 |       0 |      30 |   0.0 |  1275
           D:5 |       0 |     109 |   0.0 |       0 |      11 |   0.0 |   190
               +---------+---------+-------+---------+---------+-------+---------
